AoeStats
← Shredded_Pork

Arena

507717495Analyzed
4v4 RM · 12d ago on Sep 19, 2026· 48m 49s· 8 players
Game mode
Random Map
Map size
Large (8 player)
Population
200
Speed
Normal
Resources
Standard
Victory
Conquest
Starting age
Dark Age
Ending age
Imperial Age
RankedLock teamsTeams togetherTeam positionsShared explorationLock speedFull tech treeHidden civsTurbo modeCheats
Victory
Defeat
🇨🇿 Britons · Czechia
856
+12
🇪🇸 Burgundians · Spain
834
+13
🇹🇷 Huns · Türkiye
799
+15
🇪🇸 Magyars · Spain
777
+15
🇨🇳 Spanish · China
852
-41
🇨🇳 Khmer · China
762
-23
🇨🇳 Britons · China
760
-13
🇨🇳 Romans · China
709
-11
784f22fd
11:05 Feudal Age
11:57 Loom
15:44 Castle Age
26:21 Double-Bit Axe
27:12 Pikeman
27:52 Squires
29:56 Horse Collar
31:39 Stone Mining
36:31 Scale Mail Armor
36:41 Forging
41:09 Imperial Age
40:49 Ballistas
45:38 Conscription
Shredded_Pork
10:43 Feudal Age
11:16 Double-Bit Axe
12:50 Horse Collar
19:26 Castle Age
21:20 Bow Saw
21:32 Stone Mining
21:33 Gold Mining
21:46 Heavy Plow
32:44 Imperial Age
31:10 Ballistics
30:52 Padded Archer Armor
32:04 Wheelbarrow
32:01 Squires
31:22 Pikeman
33:06 Gold Shaft Mining
33:01 Hand Cart
32:49 Scale Mail Armor
32:40 Fletching
33:21 Yeomen
33:29 Masonry
33:45 Chain Mail Armor
33:46 Leather Archer Armor
34:10 Conscription
35:08 Two-Man Saw
33:43 Halberdier
34:57 Bodkin Arrow
35:33 Plate Mail Armor
35:16 Forging
36:02 Architecture
36:10 Architecture
35:56 Fortified Wall
37:38 Ring Archer Armor
37:08 Bracer
37:17 Siege Engineers
39:10 Iron Casting
39:38 Chemistry
1834325568
11:25 Feudal Age
16:49 Castle Age
27:55 Gold Mining
27:55 Stone Mining
27:51 Double-Bit Axe
31:54 Imperial Age
29:11 Loom
30:06 Bow Saw
29:39 Horse Collar
30:36 Gold Shaft Mining
30:36 Stone Shaft Mining
30:54 Heavy Plow
31:45 Husbandry
31:55 Bloodlines
33:12 Wheelbarrow
34:08 Hand Cart
35:24 Crop Rotation
35:36 Stone Shaft Mining
35:22 Town Watch
36:08 Town Patrol
36:22 Masonry
36:33 Ballistics
37:15 Chemistry
36:08 Fletching
36:18 Padded Archer Armor
36:43 Conscription
39:14 Bloodlines
38:25 Light Cavalry
40:17 Elite Ballista Elephant
44:55 Leather Archer Armor
44:36 Bodkin Arrow
1049469825
8:48 Loom
11:21 Feudal Age
17:09 Castle Age
32:23 Pikeman
34:57 Gold Mining
35:32 Herbal Medicine
39:53 Imperial Age
38:01 Wheelbarrow
38:46 Ballistics
Trex85
12:22 Feudal Age
10:58 Double-Bit Axe
10:59 Horse Collar
19:41 Castle Age
18:00 Bow Saw
17:50 Stone Mining
18:34 Gold Mining
19:13 Heavy Plow
19:22 Scale Barding Armor
20:16 Cavalier
22:04 Husbandry
21:46 Pikeman
23:25 Wheelbarrow
22:54 Fletching
23:16 Forging
23:51 Elite Skirmisher
25:28 Bodkin Arrow
43:10 Imperial Age
40:31 Town Watch
40:32 Loom
42:24 Ballistics
42:29 Chain Barding Armor
42:45 Iron Casting
42:12 Padded Archer Armor
44:00 Bracer
44:36 Plate Barding Armor
45:23 Burgundian Vineyards
45:50 Paladin
47:49 Blast Furnace
47:05 Leather Archer Armor
48:17 Chemistry
47:46 Hand Cart
nintokutenno
10:05 Feudal Age
11:25 Wheelbarrow
10:31 Horse Collar
10:39 Double-Bit Axe
12:12 Town Watch
13:59 Gold Mining
14:17 Stone Mining
14:23 Stone Mining
24:03 Castle Age
23:07 Scale Barding Armor
23:14 Bloodlines
25:04 Heavy Plow
25:17 Bow Saw
25:44 Gold Shaft Mining
25:27 Hand Cart
25:13 Town Patrol
26:24 Chain Barding Armor
26:07 Husbandry
28:02 Marauders
33:07 Imperial Age
33:19 Elite Tarkan
35:09 Plate Barding Armor
35:00 Conscription
44:52 Caravan
Conde Rubio
11:13 Feudal Age
12:02 Double-Bit Axe
12:21 Horse Collar
21:00 Castle Age
19:57 Scale Barding Armor
20:58 Scale Mail Armor
22:07 Bow Saw
21:50 Light Cavalry
22:40 Bloodlines
22:32 Pikeman
27:08 Wheelbarrow
28:19 Wheelbarrow
30:32 Hand Cart
33:08 Loom
38:18 Imperial Age
36:13 Corvinian Army
36:44 Ballistics
36:31 Husbandry
36:56 Chain Barding Armor
36:42 Arson
37:15 Chain Mail Armor
40:00 Conscription
39:01 Elite Magyar Huszar
42:44 Two-Man Saw
42:26 Halberdier
43:55 Plate Barding Armor
Flachyc
10:57 Feudal Age
11:38 Double-Bit Axe
11:34 Horse Collar
17:33 Castle Age
18:50 Bow Saw
19:40 Wheelbarrow
22:36 Fletching
22:46 Padded Archer Armor
23:37 Bodkin Arrow
25:08 Forging
26:13 Scale Mail Armor
29:00 Leather Archer Armor
29:21 Iron Casting
28:43 Gold Mining
28:43 Stone Mining
33:30 Imperial Age
32:30 Chain Mail Armor
33:02 Ballistics
33:37 Gold Shaft Mining
33:27 Yeomen
33:31 Elite Longbowman
34:25 Bracer
35:14 Hand Cart
36:17 Chemistry
36:13 Conscription
37:03 Plate Mail Armor
37:10 Ring Archer Armor
38:01 Two-Man Saw
38:32 Blast Furnace
Connection lost

Rejoining the realm…

Still unreachable

The connection could not be restored.

Session expired

The server has moved on; the page needs a fresh start.